 Dungeon Crawl Stone Soup version 0.24.1 (webtiles) character file.

Game seed: 361717662426506936, levelgen mode: deterministic

40555 Amplified the Archer (level 13, -5/119 HPs)
             Began as a Minotaur Earth Elementalist on Mar 28, 2020.
             Was the Champion of Makhleb.
             Slain by a minotaur
             ... wielding the +8 spear "Jeof" {freeze, rPois rC+}
              (13 damage)
             ... in a Gauntlet.
             The game lasted 00:33:00 (18615 turns).

Amplified the Archer (Minotaur Earth Elementalist) Turns: 18615, Time: 00:33:02

Health: -5/119     AC: 21    Str: 17    XL:     13   Next: 75%
Magic:  19/19      EV: 16    Int: 12    God:    Makhleb [******]
Gold:   1069       SH:  0    Dex: 12    Spells: 12/14 levels left

rFire    . . .     SeeInvis +   H - +8 war axe of the Final Decision {chop, SInv}
rCold    . . .     Gourm    +   (no shield)
rNeg     + . .     Faith    .   D - +2 acid dragon scales
rPois    +         Spirit   .   (helmet restricted)
rElec    .         Reflect  .   m - +0 cloak
rCorr    +         Harm     .   h - +2 pair of gloves {archery}
MR       .....     NoTele   +   K - +1 pair of boots {Stlth+}
Stlth    ++........             s - amulet of the gourmand
HPRegen  0.29/turn              i - +3 ring of protection
MPRegen  0.16/turn              x - ring of positive energy

@: hasted, very quick
A: retaliatory headbutt, horns 2, high mp 1, poison resistance, evolution 1,
MP-powered wands
a: Minor Destruction, Lesser Servant of Makhleb, Major Destruction, Greater
Servant of Makhleb, Renounce Religion


You were in a Gauntlet.
You worshipped Makhleb.
Makhleb was exalted by your worship.
You were not hungry.

You visited 2 branches of the dungeon, and saw 16 of its levels.
You also visited: Sewer, Gauntlet and Ice Cave.

You collected 1069 gold pieces.

Inventory:

Hand Weapons
 c - a +6 broad axe
 w - the +1 longbow of Gomua {speed, +Inv MR++ Str-4 Int+3}
   (You found it on level 6 of the Dungeon)

   Attacks with this weapon are significantly faster.
   It affects your strength (-4).
   It affects your intelligence (+3).
   It affects your resistance to hostile enchantments.
   It lets you turn invisible.
 A - a +3 shortbow of velocity
 H - the +8 war axe of the Final Decision (weapon) {chop, SInv}
   (You took it off an orc on level 11 of the Dungeon)

   It inflicts extra damage upon your enemies.
   It lets you see invisible.
Missiles
 b - 640 stones
 g - 43 poisoned darts (quivered)
 y - 138 arrows
Armour
 h - a +2 pair of gloves of archery (worn)
 j - a +2 robe of magic resistance
 m - a +0 cloak (worn)
 D - +2 acid dragon scales (worn)
 K - a +1 pair of boots of stealth (worn)
 L - a +0 pair of boots
Jewellery
 e - an uncursed amulet of rage
 i - a +3 ring of protection (left hand)
 k - an uncursed ring of wizardry
 n - an uncursed amulet of guardian spirit
 o - an uncursed ring of flight
 p - an uncursed ring of resist corrosion
 s - an amulet of the gourmand (around neck)
 v - an uncursed ring of protection from fire
 x - a ring of positive energy (right hand)
 E - a +4 amulet of reflection {unknown}
Wands
 f - a wand of iceblast (1)
 r - a wand of random effects (55)
 t - a wand of flame (57)
 u - a wand of polymorph (2)
Scrolls
 l - 3 scrolls of remove curse
 B - a scroll of summoning
 G - a scroll of magic mapping
 I - 2 scrolls of amnesia
Potions
 a - a potion of magic
 q - 2 potions of curing
 z - a potion of heal wounds
 F - a potion of flight
Comestibles
 d - 17 rations


   Skills:
 + Level 12.5 Fighting
 * Level 8.0(9.1) Axes
   Level 6.4(8.3) Maces & Flails
   Level 1.0(5.0) Polearms
 * Level 13.6 Bows
 - Level 5.5 Throwing
 - Level 10.0 Armour
 - Level 9.4 Dodging
 - Level 1.5 Stealth
 - Level 1.3 Spellcasting
 - Level 0.7 Transmutations
 - Level 2.4 Earth Magic
 - Level 7.8 Invocations


You had 12 spell levels left.
You knew the following spells:

 Your Spells              Type           Power        Failure   Level  Hunger
a - Passwall              Tmut/Erth      #.......     30%         2    ###....

Your spell library contained the following spells:

 Spells                   Type           Power        Failure   Level  Hunger
 Sandblast                Erth           #.....       14%         1    ##.....
 Corona                   Hex            #......      36%         1    ##.....
 Infusion                 Chrm           #...         36%         1    ##.....
 Magic Dart               Conj           #...         36%         1    ##.....
 Ensorcelled Hibernation  Hex/Ice        #.....       50%         2    ###....
 Searing Ray              Conj           #.....       50%         2    ###....
 Shroud of Golubria       Chrm/Tloc      #.....       50%         2    ###....
 Song of Slaying          Chrm           #.......     50%         2    ###....
 Stone Arrow              Conj/Erth      #.....       56%         3    ####...
 Confuse                  Hex            #.......     73%         3    ####...
 Dazzling Spray           Conj/Hex       #.....       73%         3    ####...
 Regeneration             Chrm/Necr      #.........   73%         3    ####...
 Spectral Weapon          Hex/Chrm       #.......     73%         3    ####...
 Tukima's Dance           Hex            #.......     73%         3    ####...
 Petrify                  Tmut/Erth      #.......     89%         4    #####..
 Ice Form                 Ice/Tmut       #.......     97%         4    #####..
 Force Lance              Conj/Tloc      #.......     98%         4    #####..
 Fulminant Prism          Conj/Hex       #.........   98%         4    #####..
 Iskenderun's Mystic Bla  Conj           #.......     98%         4    #####..
 Lee's Rapid Deconstruct  Erth           #.........   98%         5    ######.
 Borgnjor's Vile Clutch   Necr/Erth      #.........   99%         5    ######.
 Metabolic Englaciation   Hex/Ice        #.........   100%        5    ######.
 Silence                  Hex/Air        #.........   100%        5    ######.
 Bolt of Cold             Conj/Ice       #.........   100%        6    #######
 Darkness                 Hex            #.........   100%        6    #######
 Freezing Cloud           Conj/Ice/Air   #.........   100%        6    #######
 Ozocubu's Refrigeration  Ice            #.........   100%        6    #######
 Shadow Creatures         Summ           N/A          100%        6    #######
 Simulacrum               Ice/Necr       #.........   100%        6    #######


Dungeon Overview and Level Annotations

Branches:
Dungeon (14/15)            Temple (0/1) D:6            Lair (2/6) D:11
 Spider (0/4) Lair:2          Orc (0/2) D:10          Sewer (visited)
  IceCv (visited)         Gauntlet (1/1)
  Swamp: Lair:2-4    Shoals: Lair:2-4    Vaults: D:13-14

Altars:
Cheibriados
Dithmenos
Fedhas
Hepliaklqana
Kikubaaqudgha
Makhleb
Nemelex Xobeh
Xom
Zin
The Shining One

Shops:
D:6 %

Annotations:
D:13 Snorg
D:14 Roxanne Gauntlet 6 transporters, 4 runed translucent doors


Innate Abilities, Weirdness & Mutations

You reflexively headbutt those who attack you in melee.
You have a pair of horns on your head.
You have an increased reservoir of magic. (+10% MP)
Your system is resistant to poisons. (rPois)
You evolve.
You expend magic power (3 MP) to strengthen your wands.


Message History

Okay, then.
You feel better.
Unknown command.
The minotaur hits you with the +8 spear "Jeof" {freeze, rPois rC+}!
The minotaur freezes you!
The minotaur gores you but does no damage.
You hit the minotaur.
The minotaur is moderately wounded.
You slash the minotaur!
The minotaur is moderately wounded.
The minotaur hits you with the +8 spear "Jeof" {freeze, rPois rC+}!
The minotaur freezes you! The minotaur gores you.
You hit the minotaur.
The minotaur is heavily wounded.
The minotaur hits you with the +8 spear "Jeof" {freeze, rPois rC+}!!
* * * LOW HITPOINT WARNING * * *
The minotaur freezes you.
* * * LOW HITPOINT WARNING * * *
The minotaur gores you!
You die...

#########
#.......#
#.#####.# #.#
.#.# #.# .#.#
#.# (#.# #.#
(#.# #@###(#.#
#.H.(.#.#
#######.#
#.....# #.#####
########.######
#...............
#...............
######......####


You could see a minotaur.

Vanquished Creatures
  Erolcha (D:13)
  2 vault guards (D:13)
  2 hydras
  A catoblepas (Gauntlet)
  Erica (D:8)
  2 two-headed ogres (D:11)
  A death yak (IceCv)
  Urug (D:13)
  An unseen horror (D:11)
  A death drake (Gauntlet)
  An obsidian statue (D:12)
  An ugly thing (D:11)
  2 cyclopes
  4 manticores
  A black mamba (Lair:2)
  An ice statue (IceCv)
  A spiny frog (Lair:1)
  2 gargoyles (Gauntlet)
  2 kobold demonologists (D:13)
  A rime drake (IceCv)
  A komodo dragon (Lair:1)
  14 polar bears (IceCv)
  3 trolls
  4 blink frogs (Lair:2)
  Prince Ribbit (D:8)
  3 hippogriffs
  Sigmund (D:2)
  5 flying skulls (Gauntlet)
  2 wraiths
  37 yaks
  9 humans (D:13)
  A hungry ghost (D:13)
  4 acid dragons
  Edmund (D:4)
  A water moccasin (Lair:1)
  A soldier ant (D:11)
  3 porcupines
  2 ice beasts
  7 orc warriors
  3 black bears (D:11)
  3 sky beasts
  4 ogres
  2 phantoms
  6 crocodiles
  8 centaurs
  22 wolves
  12 big kobolds
  13 bullfrogs
  A wyvern skeleton (D:11)
  A scorpion (D:5)
  6 killer bees (D:9)
  A water moccasin skeleton (D:6)
  11 wights
  6 howler monkeys
  3 crimson imps
  4 bullfrog zombies
  A quasit (D:7)
  6 centaur zombies
  6 jellies
  A bullfrog skeleton (D:8)
  3 orc priests
  4 centaur skeletons
  5 hounds
  10 orc wizards
  2 iguanas
  Ijyb (D:4)
  7 worker ants
  A hound zombie (D:11)
  A hound skeleton (D:8)
  3 worker ant zombies (D:5)
  Robin (D:2)
  A howler monkey zombie (D:6)
  4 gnolls (D:8)
  17 adders
  A river rat (D:3)
  3 shadow imps
  9 oozes (Sewer)
  An adder zombie (D:6)
  3 adder skeletons
  3 worms
  A dart slug (D:1)
  11 leopard geckos
  48 orcs
  3 bats (D:2)
  13 giant cockroaches
  12 goblins
  13 hobgoblins
  18 jackals
  8 quokkas
  12 ball pythons
  12 frilled lizards
  A jackal zombie (D:5)
  6 kobolds
  A leopard gecko skeleton (D:8)
  A quokka skeleton (D:5)
  A quokka zombie (D:8)
  10 rats
500 creatures vanquished.

Vanquished Creatures (collateral kills)
  The ghost of ttag the Cleaver, a novice MiBe of Trog (D:6)
  Pikel (D:4)
  A black mamba (Lair:1)
  A water moccasin (Lair:1)
  A phantom (D:4)
  A slave (D:4)
  A wolf (Lair:1)
  A centaur (D:5)
  A big kobold (D:6)
  A scorpion (D:4)
  A wight (D:4)
  An orc wizard (D:4)
  2 orcs (D:4)
14 creatures vanquished.

Vanquished Creatures (others)
  4 polar bears (IceCv)
  A human (D:13)
  A yak (IceCv)
  2 slaves (D:4)
  An orc wizard (D:4)
  20 fungi
  7 plants (D:11)
  3 withered plants (Gauntlet)
39 creatures vanquished.

Grand Total: 553 creatures vanquished

Notes
Turn   | Place    | Note
-------+----------+-------------------------------------------
     0 | D:1      | Amplified the Minotaur Earth Elementalist began the quest
                  | for the Orb.
     0 | D:1      | Reached XP level 1. HP: 14/14 MP: 1/1
   283 | D:1      | Reached skill level 1 in Fighting
   283 | D:1      | Reached skill level 1 in Armour
   283 | D:1      | Reached XP level 2. HP: 20/23 MP: 3/3
   940 | D:2      | Noticed Sigmund
  1062 | D:2      | Reached XP level 3. HP: 25/28 MP: 2/4
  1156 | D:2      | Reached skill level 1 in Maces & Flails
  1188 | D:2      | Noticed Robin
  1199 | D:2      | Killed Robin
  1215 | D:2      | Reached XP level 4. HP: 36/36 MP: 5/5
  1478 | D:2      | Killed Sigmund
  1478 | D:2      | Reached skill level 1 in Throwing
  1478 | D:2      | Reached XP level 5. HP: 45/45 MP: 6/6
  1744 | D:2      | Found a faded altar of an unknown god.
  1748 | D:2      | Became a worshipper of Makhleb the Destroyer
  1748 | D:2      | Reached * piety under Makhleb
  1855 | D:3      | Reached XP level 6. HP: 39/51 MP: 7/7
  1884 | D:3      | Found an ancient bone altar of Kikubaaqudgha.
  1886 | D:3      | Found a glowing golden altar of the Shining One.
  2179 | D:3      | Found a glowing drain.
  2183 | Sewer    | Entered a sewer
  2210 | Sewer    | Reached ** piety under Makhleb
  2344 | Sewer    | Gained mutation: You have an increased reservoir of magic.
                  | (+10% MP) [potion of mutation]
  2344 | Sewer    | Gained mutation: You evolve. [potion of mutation]
  2558 | Sewer    | Reached skill level 1 in Invocations
  2608 | Sewer    | Reached XP level 7. HP: 39/58 MP: 8/8
  2624 | Sewer    | Reached *** piety under Makhleb
  2692 | Sewer    | Gained mutation: You expend magic power (3 MP) to
                  | strengthen your wands. [evolution]
  3618 | D:4      | Reached skill level 1 in Polearms
  4091 | D:4      | Noticed Pikel
  4140 | D:4      | Killed Pikel
  4140 | D:4      | Reached XP level 8. HP: 37/67 MP: 8/10
  4199 | D:4      | Reached skill level 5 in Dodging
  4220 | D:4      | Reached skill level 5 in Fighting
  4220 | D:4      | Reached skill level 5 in Armour
  4230 | D:4      | Noticed Edmund
  4244 | D:4      | Killed Edmund
  4483 | D:4      | Noticed Ijyb
  4494 | D:5      | Entered Level 5 of the Dungeon
  4842 | D:4      | Killed Ijyb
  5018 | D:4      | Reached skill level 5 in Maces & Flails
  5193 | D:3      | Found a snail-covered altar of Cheibriados.
  5193 | D:3      | Found a shimmering altar of Xom.
  5836 | D:6      | Found a blossoming altar of Fedhas.
  6015 | D:6      | Reached XP level 9. HP: 72/75 MP: 12/12
  6033 | D:6      | Found a staircase to the Ecumenical Temple.
  6474 | D:6      | Found a glowing silver altar of Zin.
  6607 | D:6      | Found Qikkiwni's Food Shoppe.
  7062 | D:6      | Found a runed translucent gate.
  7063 | D:6      | Found a runed translucent gate.
  7064 | D:6      | Found a runed translucent gate.
  7065 | D:6      | Identified the +3 whip of Doom {drain, Str+3}
  7067 | D:6      | Noticed ttag's ghost (novice MiBe)
  7223 | D:6      | Reached skill level 5 in Throwing
  7297 | D:6      | Killed ttag's ghost
  7362 | D:6      | Gained mutation: Your system is resistant to poisons.
                  | (rPois) [evolution]
  7573 | D:6      | Got a transparent longbow
  7591 | D:6      | Identified the cursed +1 longbow of Gomua {speed, +Inv MR++
                  | Str-4 Int+3} (You found it on level 6 of the Dungeon)
  8130 | D:5      | Reached skill level 1 in Bows
  8130 | D:5      | Reached skill level 5 in Invocations
  8950 | D:7      | Reached XP level 10. HP: 86/86 MP: 14/14
  9015 | D:7      | Reached skill level 2 in Bows
  9358 | D:8      | Reached **** piety under Makhleb
  9580 | D:8      | Reached skill level 3 in Bows
  9654 | D:8      | Found a hazy altar of Hepliaklqana.
  9654 | D:8      | Found a shadowy altar of Dithmenos.
  9678 | D:8      | Noticed Prince Ribbit
  9687 | D:8      | Killed Prince Ribbit
 10185 | D:9      | Noticed Erica
 10230 | D:8      | Killed Erica
 10230 | D:8      | Reached skill level 4 in Bows
 10589 | D:9      | Found a sparkling altar of Nemelex Xobeh.
 10654 | D:9      | Reached skill level 5 in Bows
 10821 | D:10     | Entered Level 10 of the Dungeon
 11135 | D:10     | Reached ***** piety under Makhleb
 11177 | D:10     | Reached skill level 6 in Bows
 11187 | D:10     | Reached XP level 11. HP: 94/95 MP: 16/16
 11526 | D:10     | Found a staircase to the Orcish Mines.
 11800 | D:11     | Noticed a two-headed ogre
 11830 | D:11     | Killed a two-headed ogre
 12062 | D:11     | Identified the +8 war axe of the Final Decision {chop,
                  | SInv}
 12088 | D:11     | Reached skill level 7 in Bows
 12326 | D:11     | Found a staircase to the Lair.
 13048 | D:11     | Noticed an unseen horror
 13051 | D:11     | Killed an unseen horror
 13065 | D:11     | Noticed a two-headed ogre
 13067 | D:11     | Noticed a green ugly thing
 13074 | D:11     | Killed a two-headed ogre
 13074 | D:11     | Reached skill level 1 in Axes
 13074 | D:11     | Reached skill level 8 in Bows
 13077 | D:11     | Killed a green ugly thing
 13421 | D:12     | Noticed an obsidian statue
 13701 | D:12     | Reached XP level 12. HP: 105/105 MP: 18/18
 13899 | D:12     | Noticed an eight-headed hydra
 13908 | D:12     | Killed an eight-headed hydra
 14706 | D:12     | Reached skill level 9 in Bows
 14796 | D:13     | Found a frozen archway.
 14812 | IceCv    | Entered an ice cave
 14856 | IceCv    | Reached skill level 10 in Armour
 15230 | IceCv    | Reached skill level 5 in Axes
 15256 | IceCv    | Reached skill level 10 in Fighting
 15377 | IceCv    | Reached skill level 10 in Bows
 15451 | IceCv    | Noticed a death yak
 15484 | IceCv    | Killed a death yak
 15770 | IceCv    | Reached skill level 11 in Bows
 15838 | IceCv    | Noticed a frost giant
 16070 | D:13     | Reached ****** piety under Makhleb
 16206 | D:13     | Noticed Urug
 16226 | D:13     | Killed Urug
 16394 | D:13     | Reached XP level 13. HP: 113/116 MP: 19/19
 16443 | D:13     | Noticed Erolcha
 16449 | D:13     | Killed Erolcha
 16449 | D:13     | Reached skill level 12 in Bows
 16624 | D:13     | Noticed Snorg
 16662 | D:13     | Learned a level 2 spell: Passwall
 16685 | D:14     | Noticed Roxanne
 16965 | Lair:1   | Entered Level 1 of the Lair of Beasts
 17910 | Lair:2   | Reached skill level 13 in Bows
 17999 | Lair:2   | Found a hole to the Spider Nest.
 18155 | Lair:2   | Found a gate leading to a gauntlet.
 18164 | Gauntlet | Entered a Gauntlet
 18164 | Gauntlet | Found a transporter.
 18164 | Gauntlet | Found a transporter.
 18164 | Gauntlet | Found a transporter.
 18164 | Gauntlet | Found a runed translucent gate.
 18165 | Gauntlet | Found a transporter.
 18166 | Gauntlet | Found a transporter.
 18167 | Gauntlet | Found a runed translucent gate.
 18168 | Gauntlet | Found a runed translucent gate.
 18169 | Gauntlet | Found a transporter.
 18177 | Gauntlet | Found a transporter.
 18178 | Gauntlet | Found a transporter.
 18179 | Gauntlet | Found a transporter.
 18180 | Gauntlet | Found a transporter.
 18192 | Gauntlet | Found a transporter.
 18193 | Gauntlet | Found a transporter.
 18290 | Gauntlet | Found a runed translucent door.
 18597 | Gauntlet | Identified the +8 spear "Jeof" {freeze, rPois rC+}
 18597 | Gauntlet | Identified the +10 hand crossbow of Compound Interest
                  | {elec, MR+ Int+4}
 18597 | Gauntlet | Noticed a minotaur
 18615 | Gauntlet | Slain by a minotaur

Levels and vault maps discovered:
D:1:      ebering_hopf_link, layout_basic
D:2:      layout_basic, chequers_ecumenical_altar_grove,
          minmay_stone_trees_small, uniq_sigmund, uniq_robin
D:3:      layout_loops_corners, nicolae_overflow_hidden_temple,
          gup_sewer_entry_bowl
D:4:      layout_cave_pools, kennysheep_generic_room_14, uniq_edmund,
          uniq_pikel, uniq_ijyb
D:5:      layout_gridville, first_ration
D:6:      layout_loops_corners, zin_academy, temple_fountains,
          gammafunk_ghost_nasty_kobolds, serial_shops, nicolae_shop_stone,
          lemuel_tele_altar
D:7:      layout_rooms, grunt_ogre_cave
D:8:      layout_loops_ring, gammafunk_temple_overflow_wave, uniq_prince_ribbit1
D:9:      layout_rooms, kennysheep_little_box, uniq_erica
D:10:     layout_big_octagon, hiddenorc1_lemuel
D:11:     layout_loops_ring, grunt_lair_entry_orc_guard_hut, nzn_random_ring
D:12:     layout_loops_ring, minmay_statue_bubble
D:13:     layout_gridville, ximxim_vaults_locker_room,
          portal_ice_cave_entry_pillars_1, uniq_nessos, uniq_urug, uniq_snorg,
          uniq_erolcha
D:14:     layout_irregular_city, dk_noncrumbling_2, serial_bayou,
          serial_bayou_lagoon_a, kennysheep_generic_room_5, uniq_roxanne
Lair:1:   layout_roguey, serial_bayou_shore_a, serial_bayou_shore_b,
          grunt_megastairs_4, infiniplex_staircase_pool_2
Lair:2:   layout_loops_ring, spider_nest_entry_web_field,
          gauntlet_entry_generic, chequers_serial_rivers_micro_d,
          eino_house_with_fridge
Gauntlet: minmay_gauntlet_mixed_big_or_small [nicolae_gauntlet_arena_grate_2,
          minmay_gauntlet_arena_77_run_for_it, gammafunk_gauntlet_arena_mazey,
          minmay_gauntlet_arena_77_museum, gammafunk_gauntlet_arena_split_x,
          minmay_gauntlet_arena_77_path, gauntlet_exit_spiral]

Skill      XL: |  1  2  3  4  5  6  7  8  9 10 11 12 13 |
---------------+----------------------------------------+-----
Fighting       | 1 2 3 4 5 7 8 9 11 12 | 12.5
Armour         | 1 2 3 4 5 7 8 9 10 | 10.0
Maces & Flails | 1 2 3 4 5 6 |  6.4
Dodging        | 3 4 5 6 8 9 |  9.4
Throwing       | 1 2 3 4 5 |  5.5
Invocations    | 1 2 3 5 6 7 |  7.8
Polearms       | 1 |  1.0
Bows           | 1 6 8 11 13 | 13.6
Axes           | 3 5 8 |  8.0
Stealth        | |  1.5
Spellcasting   | |  1.3
Transmutations | |  0.7
Earth Magic    | |  2.4

Action                   |  1- 3 |  4- 6 |  7- 9 | 10-12 | 13-15 || total
-------------------------+-------+-------+-------+-------+-------++-------
Melee: Unarmed           |    29 |       |       |       |       ||    29
       Headbutt          |    13 |    34 |    53 |     9 |     8 ||   117
       Club              |    29 |       |       |       |       ||    29
       Whip              |    50 |   292 |    69 |     6 |       ||   417
       Flail             |       |       |   294 |       |       ||   294
       Trident           |       |       |     7 |       |       ||     7
       War axe           |       |       |       |    45 |    30 ||    75
 Fire: Shortbow          |       |       |    41 |   875 |   313 ||  1229
       Longbow           |       |       |    10 |       |       ||    10
Throw: Dart              |       |    14 |       |       |       ||    14
 Cast: Sandblast         |     9 |     2 |       |       |       ||    11
       Passwall          |       |       |       |       |     1 ||     1
Invok: Lesser Servant of |       |       |     9 |       |     2 ||    11
       Minor Destruction |       |       |     1 |       |       ||     1
 Abil: Evoke Flight      |       |       |       |     1 |       ||     1
Evoke: Wand              |       |     2 |     3 |    15 |     2 ||    22
  Use: Scroll            |     3 |     5 |     8 |    12 |     6 ||    34
       Potion            |     1 |     6 |     6 |    12 |     5 ||    30
 Stab: Sleeping          |     1 |       |       |       |       ||     1
       Invisible         |       |       |       |       |     4 ||     4
  Eat: Chunk             |     1 |     2 |     5 |    18 |       ||    26
       Ration            |       |     1 |     5 |     4 |     1 ||    11
Armor: Robe              |    32 |   131 |   121 |       |       ||   284
       Skin              |    11 |    48 |    32 |    11 |       ||   102
       Acid dragon scale |       |       |       |   217 |    67 ||   284
Dodge: Dodged            |    82 |   240 |   272 |   365 |   132 ||  1091
